 Dungeon Crawl Stone Soup version 0.26.1-11-gd32895ea62 (webtiles) character file.

Game seed: 3392992979954137870

2233 Gwenloh the Cleaver (level 9, -5/83 HPs)
             Began as a Palentonga Berserker on May 8, 2021.
             Was a Priest of Trog.
             Slain by a killer bee (7 damage)
             ... on level 6 of the Dungeon on May 9, 2021.
             The game lasted 00:24:35 (5064 turns).

Gwenloh the Cleaver (Palentonga Berserker)          Turns: 5064, Time: 00:24:35

Health: -5/83      AC: 16    Str: 21    XL:     9   Next: 14%
Magic:  9/9        EV:  9    Int:  8    God:    Trog [***...]
Gold:   326        SH:  0    Dex: 12    Spells: 8/8 levels left

rFire    . . .     SeeInvis +   C - +1 war axe (elec)
rCold    . . .     Faith    +   (no shield)
rNeg     . . .     Spirit   .   c - +0 ring mail
rPois    .         Reflect  .   j - +0 helmet
rElec    .         Harm     .   n - +0 cloak
rCorr    .         Rampage  .   (no gloves)
Will     .....                  (no barding)
Stlth    +.........             g - amulet of faith
HPRegen  0.23/turn              (no ring)
MPRegen  0.11/turn              (no ring)

@: brilliant, lethally poisoned (-5 -> -9), slowed, curled up, very slow
A: large, rugged brown scales 3, see invisible, deformed body, roll 1, armoured
tail, reflexive curl
a: Rolling Charge, Renounce Religion, Berserk, Trog's Hand


You were on level 6 of the Dungeon.
You worshipped Trog.
Trog was most pleased with you.
You visited 1 branch of the dungeon, and saw 6 of its levels.

You collected 326 gold pieces.

Inventory:

Hand Weapons
 a - a +0 hand axe
 C - a +1 war axe of electrocution (weapon)
Missiles
 b - 11 poisoned darts (quivered)
 d - 302 stones
 x - 10 boomerangs
Armour
 c - a +0 ring mail (worn)
 j - a +0 helmet (worn)
 n - a +0 cloak (worn)
Jewellery
 g - an amulet of faith (around neck)
 r - an uncursed amulet of magic regeneration {unknown}
 A - an uncursed amulet of magic regeneration {unknown}
 B - an uncursed ring of positive energy
 F - an uncursed amulet of magic regeneration {unknown}
Scrolls
 f - 7 scrolls of remove curse
 i - a scroll of blinking
 k - a scroll of teleportation
 l - 2 scrolls of enchant weapon
 q - 3 scrolls of fog
 t - a scroll of random uselessness
 v - a scroll of fear
 y - a scroll of immolation {unknown}
 D - a scroll of magic mapping {unknown}
 E - a scroll of enchant armour {unknown}
Potions
 e - 2 potions of might
 h - a potion of brilliance
 m - 2 potions of curing {unknown}
 o - 5 potions of lignification
 p - a potion of degeneration {unknown}
 s - 2 potions of attraction {unknown}
 u - 2 potions of heal wounds {unknown}
 z - a potion of ambrosia {unknown}


   Skills:
 + Level 6.7 Fighting
 * Level 9.2 Axes
 + Level 5.2 Armour
 - Level 1.5 Dodging


You had 8 spell levels left.
You didn't know any spells.
Your spell library was empty.

Dungeon Overview and Level Annotations

Branches:
Dungeon (6/15)
 Temple: D:4-7

Altars:
Elyvilon
Fedhas
Hepliaklqana
Kikubaaqudgha
Okawaru
Qazlal
Xom
The Shining One

Annotations:
D:6 1 transporter, ZZKoverts's ghost, amateur DECj


Innate Abilities, Weirdness & Mutations

You are completely covered in rugged brown scales. (AC +3, +7% HP)
You have supernaturally acute eyesight. (SInv)
Armour fits poorly on your strangely shaped body.
You can roll at nearby foes to attack.
You have a long armoured tail.
You curl defensively after being hit.


Message History

The killer bee stings your ogre.
Your ogre is poisoned.
The killer bee poisons your ogre! The hornet stings your ogre.
Your ogre suddenly stops moving!
The killer bee stings you but does no damage.
The killer bee stings your ogre!
Your ogre looks as sick as possible!
The killer bee poisons your ogre!
Your skin stops crawling.
You feel less strong-willed.
You feel sick.
The killer bee stings your ogre but does no damage.
The killer bee barely misses you. The killer bee stings your ogre.
Your ogre looks as sick as possible!
The killer bee poisons your ogre! The killer bee stings you!
* * * LOW HITPOINT WARNING * * *
The queen bee stings your ogre!
Your ogre dies!
Your ogre's corpse disappears in a puff of smoke!
The killer bee stings you!
You die...

#.#####.###..#.##### #.## #..##
#.##.......©.......###.# #..##
#.#..#############..##.# ##.##
#...#####$yWyy#####..#.# #...
#..###y..#.yy#y..###.#.# ####
#..##..#.?###..#..##.#.#
#..###...#...#...###.#.########
#...# ###.!#/y#####............
##.###.#†#y.W#@..###.#.########
#.##..#y§###y!#..##.#.# #....
#.###...#.yy#.#.###.#.####....
#..#####..©y.#####..#.........
##..#############...#####.....
##.......©.......#.### #)####
########.###........# #.#
#.....(......###.####
#####.........#....#.


You could see a queen bee, a hornet and 3 killer bees.

Vanquished Creatures
  A two-headed ogre (D:5)
  The ghost of Sassenached the Skirmisher, a novice DrWn of Okawaru (D:5)
  3 ogres
  Blork the orc (D:6)
  A bullfrog (D:4)
  A scorpion (D:5)
  2 killer bees (D:6)
  A centaur zombie (D:5)
  A bullfrog zombie (D:5)
  A jelly (D:5)
  2 orc priests
  2 orc wizards (D:6)
  2 bullfrog skeletons
  2 centaur skeletons
  7 worker ants
  A hound skeleton (D:5)
  2 gnolls (D:6)
  8 adders
  2 shadow imps (D:6)
  2 oozes
  An adder skeleton (D:4)
  A worm (D:3)
  3 leopard geckos
  25 orcs
  2 ball pythons
  5 bats
  2 giant cockroaches
  9 hobgoblins
  2 jackals (D:6)
  3 quokkas
  4 frilled lizards
  8 goblins
  6 kobolds
  2 leopard gecko zombies
  6 rats
122 creatures vanquished.

Notes
Turn   | Place    | Note
-------+----------+-------------------------------------------
     0 | D:1      | Gwenloh the Palentonga Berserker began the quest for the
                  | Orb.
     0 | D:1      | Reached XP level 1. HP: 20/20 MP: 1/1
   101 | D:1      | Reached XP level 2. HP: 27/27 MP: 2/2
   923 | D:2      | Reached ** piety under Trog
   982 | D:2      | Reached XP level 3. HP: 33/33 MP: 3/3
  1184 | D:2      | Reached skill level 4 in Axes
  1222 | D:2      | Found a glowing golden altar of the Shining One.
  1454 | D:2      | Reached XP level 4. HP: 40/40 MP: 4/4
  1869 | D:3      | Found a shimmering altar of Xom.
  1874 | D:3      | Found an ancient bone altar of Kikubaaqudgha.
  2431 | D:4      | Noticed an ogre
  2437 | D:4      | Killed an ogre
  2438 | D:4      | Reached XP level 5. HP: 43/49 MP: 5/5
  2539 | D:4      | Noticed an ogre
  2546 | D:4      | Killed an ogre
  2547 | D:4      | Reached skill level 5 in Axes
  2547 | D:4      | Reached XP level 6. HP: 41/55 MP: 6/6
  2773 | D:4      | Found a stormy altar of Qazlal.
  2773 | D:4      | Found a blossoming altar of Fedhas.
  3146 | D:4      | Reached *** piety under Trog
  3243 | D:5      | Entered Level 5 of the Dungeon
  3315 | D:5      | Reached skill level 6 in Axes
  3317 | D:5      | Gained mutation: You curl defensively after being hit.
                  | [Palentonga growth]
  3317 | D:5      | Reached XP level 7. HP: 56/64 MP: 7/7
  3431 | D:5      | Found a hazy altar of Hepliaklqana.
  3525 | D:5      | Noticed a two-headed ogre
  3541 | D:5      | Killed a two-headed ogre
  3542 | D:5      | Reached skill level 5 in Fighting
  3542 | D:5      | Reached skill level 7 in Axes
  3542 | D:5      | Reached XP level 8. HP: 21/74 MP: 8/8
  3826 | D:5      | Found a runed translucent gate.
  3831 | D:5      | Found a runed translucent gate.
  3832 | D:5      | Found a runed translucent gate.
  3833 | D:5      | Noticed Sassenached's ghost (novice DrWn)
  3863 | D:5      | Killed Sassenached's ghost
  3864 | D:5      | Reached skill level 8 in Axes
  4183 | D:6      | Reached skill level 5 in Armour
  4311 | D:6      | Found a stormy altar of Qazlal.
  4357 | D:6      | Noticed Blork the orc
  4370 | D:6      | Killed Blork the orc
  4371 | D:6      | Reached XP level 9. HP: 83/83 MP: 9/9
  4371 | D:6      | Reached **** piety under Trog
  4374 | D:6      | Reached skill level 9 in Axes
  4663 | D:6      | Found a white marble altar of Elyvilon.
  4743 | D:6      | Found a transporter.
  4747 | D:6      | Found a transporter.
  4776 | D:6      | Noticed ZZKoverts's ghost (amateur DECj)
  4787 | D:6      | Noticed a queen bee
  4866 | D:6      | Found an iron altar of Okawaru.
  5056 | D:6      | Paralysed by a hornet for 1 turns
  5064 | D:6      | HP: 2/83 [killer bee (8)]
  5064 | D:6      | Slain by a killer bee

Illustrated notes

Levels and vault maps discovered:
D:1:      dpeg_arrival_erosion, layout_basic, nrook_uturn
D:2:      layout_loops_ring, nicolae_tso_carved_into_rock
D:3:      layout_basic, amethyst_overflow_temple_binary
D:4:      layout_rooms, grunt_temple_overflow_forces_of_nature,
          minmay_strange_pillars, minmay_misc_feat_rows
D:5:      layout_rooms, nzn_hepliaklqana_mist_gate, gammafunk_ghost_necromancy
D:6:      layout_basic, kennysheep_mini, okawaru_altar_gauntlet_db,
          gammafunk_ghost_hive, basic_altar, corexii_checkpoint_a,
          uniq_blork_the_orc

Skill      XL: |  1  2  3  4  5  6  7  8  9 |
---------------+----------------------------+-----
Armour         | 2 3 4 5 |  5.2
Axes           | 4 5 6 7 8 9 |  9.2
Fighting       | 4 5 6 |  6.7
Dodging        | |  1.5

Action                   |  1- 3 |  4- 6 |  7- 9 || total
-------------------------+-------+-------+-------++-------
Melee: Hand axe          |    77 |   125 |    52 ||   254
       Tailslap          |     4 |    17 |    22 ||    43
       War axe           |       |       |    70 ||    70
Throw: Stone             |    13 |    14 |       ||    27
       Boomerang         |       |    11 |     9 ||    20
       Dart              |       |       |     5 ||     5
Invok: Berserk           |     1 |     1 |     3 ||     5
       Trog's Hand       |       |       |     4 ||     4
       Brothers in Arms  |       |       |     2 ||     2
 Abil: Rolling Charge    |    27 |    23 |    18 ||    68
  Use: Scroll            |       |       |     9 ||     9
       Potion            |       |       |     1 ||     1
Armor: Ring mail         |    40 |    54 |    48 ||   142
Dodge: Dodged            |    32 |    63 |    64 ||   159
